 Dungeon Crawl Stone Soup version 0.29.1-12-g30fa7ad0bf (webtiles) character file.

Game seed: 5092877243351830818

142 wormed the Magician (level 5, -5/40 HPs)
             Began as a Djinni Fire Elementalist on Dec 22, 2022.
             Slain by an orc
             ... wielding a +0 morningstar
              (7 damage)
             ... on level 3 of the Dungeon.
             The game lasted 00:06:16 (2884 turns).

wormed the Magician (Djinni Fire Elementalist)      Turns: 2884, Time: 00:06:17

Health: -5/40      AC:  3    Str:  7    XL:     5   Next: 50%
Gold:   134        EV: 12    Int: 19    God:
                   SH:  0    Dex: 13

rFire   + + .      SeeInvis .   g - +1 dagger (drain)
rCold   x . .      Faith    .   (no shield)
rNeg    . . .      Spirit   .   a - +0 robe
rPois   ∞          Reflect  .   h - +0 helmet
rElec   .          Harm     .   (no cloak)
rCorr   .          Rampage  .   (no gloves)
Will    +....                   (boots unavailable)
Stlth   ++........              (no amulet)
HPRegen 0.13/turn               k - ring of willpower
MPRegen 0.00/turn               (no ring)

@: flying, very slightly contaminated
A: sickness immunity, fire resistance 2, cold vulnerability 1, float, innate
caster, HP casting, extra vitality 1
a: no special abilities


You were on level 3 of the Dungeon.
You visited 1 branch of the dungeon, and saw 3 of its levels.

You collected 134 gold pieces.

Inventory:

Hand Weapons
 g - a +1 dagger of draining (weapon)
Armour
 a - a +0 robe (worn)
 h - a +0 helmet (worn)
Jewellery
 k - a ring of willpower (left hand)
Scrolls
 c - a scroll of teleportation {unknown}
 e - a scroll of amnesia {unknown}
 l - a scroll of vulnerability {unknown}
 m - a scroll of identify {unknown}
Potions
 b - 3 potions of heal wounds {unknown}
 d - a potion of berserk rage {unknown}
 f - a potion of attraction {unknown}
 i - a potion of degeneration {unknown}
 j - a potion of invisibility {unknown}


   Skills:
 + Level 3.2 Fighting
 - Level 2.1 Dodging
 - Level 1.5 Stealth
 + Level 3.5 Spellcasting


You couldn't memorise any spells.
You knew the following spells:

 Your Spells              Type           Power      Damage    Failure   Level
a - Foxfire               Conj/Fire      68%        2x1d7     3%          1
b - Scorch                Fire           34%        2d6       4%          2
c - Conjure Flame         Conj/Fire      17%        6-21      10%         3
d - Inner Flame           Hex/Fire       17%        N/A       10%         3
e - Flame Wave            Conj/Fire      17%        2d7       32%         4
f - Necrotise             Necr           68%        1d7       3%          1
g - Static Discharge      Conj/Air       17%        3-6/arc   4%          2
Your spell library was empty.

Dungeon Overview and Level Annotations

Branches:
Dungeon (3/15)

Altars:

Annotations:
D:3 3 runed translucent doors, Coolblue908's ghost, amateur HOFi


Innate Abilities, Weirdness & Mutations

You are immune to sickness and miasma.
You are immune to poison.
Your flesh is very heat resistant. (rF++)
You are vulnerable to cold. (rC-)
You float through the air rather than walking.
You learn spells naturally, not from books.
Your magical power is your life essence.
You have superior vitality. (+4 MHP)


Message History

The orc misses you.
Casting: Scorch (safe; 4% risk of failure)
Press: ? - help, Q - select action, (/) - cycle Dir - look around, f - activate Flames lash the orc.
You kill the orc!
An orc comes into view. It is wielding a +0 hand axe.
The orc barely misses you.
Casting: Scorch (safe; 4% risk of failure)
Press: ? - help, Q - select action, (/) - cycle Dir - look around, f - activate Flames lash the orc.
The orc is burned terribly!
You kill the orc!
A kobold comes into view. It is wielding a +0 whip.
The orc attacks as you move away! The orc completely misses you.
Casting: Scorch (safe; 4% risk of failure)
Press: ? - help, Q - select action, (/) - cycle Dir - look around, f - activate Flames lash the orc.
The orc is almost dead.
The orc's fire resistance burns away.
The orc misses you.
Casting: Scorch (safe; 4% risk of failure)
Press: ? - help, Q - select action, (/) - cycle Dir - look around, f - activate Flames lash the orc.
The orc is severely wounded.
The orc's fire resistance burns away.
The orc completely misses you.
Casting: Scorch (safe; 4% risk of failure)
Press: ? - help, Q - select action, (/) - cycle Dir - look around, f - activate Flames lash the orc.
The orc is burned terribly!
You kill the orc!
The orc hits you with a +0 morningstar!
* * * LOW HITPOINT WARNING * * *
The orc roars loudly.
Casting: Scorch (safe; 4% risk of failure)
Press: ? - help, Q - select action, (/) - cycle Dir - look around, f - activate Flames lash the orc.
The orc is severely wounded.
The orc's fire resistance burns away.
* * * LOW HITPOINT WARNING * * *
The orc hits you with a +0 morningstar!
You die...

.###............# ...
................# ...
.###...........## .K.| .#
#...........# ...<. .#
##+##.......# #####o....
.# #....†..# #......# ##
#.......# #......#
#.......########..)...#.
#.........@oo..K.).......#
+.........8...........(.8.
#.........######+++######.
#.........#ooooo.o..o...#
.........#Wo.o#####....#
.........#.###.....###.#
........##.#8#..8..#8#.#
........##.......... .


You could see an orc priest, Coolblue908's ghost, 9 orcs and a kobold.

Vanquished Creatures
  An orc priest (D:3)
  5 adders (D:2)
  A worm (D:2)
  2 dart slugs (D:2)
  3 orcs (D:3)
  5 endoplasms
  A giant cockroach (D:3)
  4 hobgoblins
  7 jackals
  5 quokkas
  5 ball pythons
  4 bats
  3 frilled lizards (D:2)
  3 goblins
  6 kobolds
  2 rats
57 creatures vanquished.

Vanquished Creatures (others)
  19 foxfires (D:1)
19 creatures vanquished.

Grand Total: 76 creatures vanquished

Notes
Turn   | Place    | Note
-------+----------+-------------------------------------------
     0 | D:1      | wormed the Djinni Fire Elementalist began the quest for the
                  | Orb.
     0 | D:1      | wormed set off with the following spells memorised:
                  | Foxfire, Scorch, Conjure Flame, Inner Flame, Flame Wave.
     0 | D:1      | Reached XP level 1. HP: 15/15 MP: 0/0
   581 | D:1      | Reached skill level 1 in Fighting
   581 | D:1      | Reached XP level 2. HP: 16/22 MP: 0/0
   958 | D:1      | Found a faded altar of an unknown god.
  1461 | D:2      | Reached XP level 3. HP: 25/27 MP: 0/0
  1461 | D:2      | Learned a level 1 spell: Necrotise
  1704 | D:2      | Reached XP level 4. HP: 27/33 MP: 0/0
  2623 | D:2      | Reached XP level 5. HP: 38/40 MP: 0/0
  2623 | D:2      | Learned a level 2 spell: Static Discharge
  2849 | D:3      | Identified the +3 leather armour "Xezaeha" {rF+ rCorr
                  | Slay+4}
  2852 | D:3      | Found a runed translucent gate.
  2853 | D:3      | Found a runed translucent gate.
  2853 | D:3      | Noticed Coolblue908's ghost (amateur HOFi)
  2854 | D:3      | Found a runed translucent gate.
  2884 | D:3      | Slain by an orc

Illustrated notes

Levels and vault maps discovered:
D:1:      amcnicky_arrival_abandoned_market, layout_rooms,
          basic_ecumenical_altar, grunt_decor_fettered
D:2:      layout_basic, minmay_unequal
D:3:      layout_basic, biasface_ghost_orc_armoury, uniq_crazy_yiuf_cottage

Skill      XL: |  1  2  3  4  5 |
---------------+----------------+-----
Fighting       | 1 2 3 |  3.2
Spellcasting   | 3 |  3.5
Dodging        | |  2.1
Stealth        | |  1.5

Action                   |  1- 3 |  4- 6 || total
-------------------------+-------+-------++-------
Melee: Dagger            |       |     2 ||     2
 Cast: Foxfire           |    14 |       ||    14
       Scorch            |    23 |    44 ||    67
Armor: Robe              |     3 |     2 ||     5
Dodge: Dodged            |     8 |    13 ||    21
